 Dungeon Crawl Stone Soup version 0.31-a0-705-ga145531891 (webtiles) character file.

Game seed: 16215632410807369445

1202 qw the Skirmisher (level 8, -1/51 HPs)
             Began as a Gargoyle Hunter on Sept 9, 2023.
             Slain by a two-headed ogre
             ... wielding a +0 giant club
              (18 damage)
             ... on level 6 of the Dungeon.
             The game lasted 00:02:04 (4302 turns).

qw the Skirmisher (Gargoyle Hunter)                 Turns: 4302, Time: 00:02:05

Health: -1/51      AC: 15    Str: 16    XL:     8   Next: 44%
Magic:  8/8        EV: 12    Int:  9    God:
Gold:   213        SH:  0    Dex: 15    Spells: 7/7 levels left

rFire   . . .        Y - +1 shortbow
rCold   . . .        (shield currently unavailable)
rNeg    + . .        c - +2 leather armour {Will+}
rPois   inf          f - +1 helmet
rElec   +            h - +0 cloak
rCorr   .            o - +0 pair of gloves
SInv    .            (no boots)
Will    ++...        (no amulet)
Stlth   ++           d - ring of willpower
HPRegen 0.28/turn    (no ring)
MPRegen 0.11/turn

%: no passive effects
@: no status effects
A: sickness immunity, AC +5, negative energy resistance 1, electricity
resistance, torment resistance 1, petrification resistance
a: no special abilities


You were on level 6 of the Dungeon.
You visited 2 branches of the dungeon, and saw 7 of its levels.

You collected 213 gold pieces.


Innate Abilities, Weirdness & Mutations

You are immune to sickness and miasma.
Your stone body is resilient. (AC +5)
You are immune to poison.
You resist negative energy. (rN+)
You are resistant to electric shocks. (rElec)
You are resistant to unholy torment.
You are immune to petrification.


   Skills:
 + Level 5.9 Fighting
 - Level 9.0 Ranged Weapons
 - Level 2.1 Armour
 - Level 2.0 Dodging
 - Level 1.1 Stealth


You had 7 spell levels left.
You didn't know any spells.
Your spell library was empty.

Inventory:

Hand Weapons
 Y - a +1 shortbow (weapon)
Armour
 c - a +2 leather armour of willpower (worn)
 f - a +1 helmet (worn)
 h - a +0 cloak (worn)
 o - a +0 pair of gloves (worn)
Jewellery
 d - a ring of willpower (left hand)
Scrolls
 l - a scroll of identify
 p - a scroll of teleportation
Potions
 a - a potion of magic {unknown}
 b - 2 potions of curing
 e - a potion of experience {unknown}
 g - a potion of heal wounds
 i - a potion of cancellation {unknown}
 j - a potion of attraction {unknown}
 k - a potion of lignification {unknown}
 m - a potion of might
 n - a potion of enlightenment {unknown}
 q - a potion of berserk rage {unknown}

Dungeon Overview and Level Annotations

Branches:
Dungeon (6/15)             Temple (1/1) D:4

Altars:
Ashenzari
Cheibriados
Dithmenos
Elyvilon
Fedhas
Gozag
Hepliaklqana
Makhleb
Qazlal
Ru
Sif Muna
Trog
Uskayaw
Xom
Yredelemnul
The Shining One

Shops:
D:6 *


Message History

You see here a +0 short sword.
There is a stone staircase leading down here.
You climb downwards.
Found 19 gold pieces.
There is a stone staircase leading up here.
Waypoint 6 assigned to D:6.
You now have 213 gold pieces (gained 19).
There is a stone staircase leading up here.
A two-headed ogre comes into view. It is wielding two +0 giant clubs.
The two-headed ogre shouts in stereo!
You shoot an arrow.
The arrow hits the two-headed ogre but does no damage.
You shoot an arrow. The arrow hits the two-headed ogre.
The two-headed ogre is lightly wounded.
You shoot an arrow. The arrow hits the two-headed ogre.
The two-headed ogre is moderately wounded.
The two-headed ogre hits you with a +0 giant club!
The two-headed ogre barely misses you.
You shoot an arrow. The arrow hits the two-headed ogre.
The two-headed ogre is moderately wounded.
You shoot an arrow.
The arrow barely misses the two-headed ogre.
The two-headed ogre closely misses you.
The two-headed ogre hits you with a +0 giant club!
You shoot an arrow. The arrow hits the two-headed ogre!
The two-headed ogre is heavily wounded.
The two-headed ogre barely misses you.
The two-headed ogre hits you with a +0 giant club!
You shoot an arrow.
The arrow barely misses the two-headed ogre.
You shoot an arrow. The arrow hits the two-headed ogre.
The two-headed ogre is heavily wounded.
The two-headed ogre barely misses you. The two-headed ogre misses you.
You shoot an arrow.
The arrow completely misses the two-headed ogre.
You shoot an arrow.
The arrow barely misses the two-headed ogre.
The two-headed ogre hits you with a +0 giant club.
The two-headed ogre hits you with a +0 giant club!!
You die...

#. #.
#.######## #
#.........
#.#.#.#.....
#.#.#.....
#...\..#
#...@..#
#..O...#
#......#
#.#.#<.#
#.#.##.# #
#. #.# #.
#.# #. ...
#......


You could see a two-headed ogre.

Vanquished Creatures
  Sigmund (D:3)
  2 phantoms
  A gnoll sergeant (D:5)
  A scorpion (D:5)
  A howler monkey (D:4)
  2 centaur zombies (D:4)
  A hound (D:5)
  A jelly (D:4)
  2 gnoll boudas
  6 scorpion zombies (D:4)
  2 iguanas
  2 hound zombies (D:4)
  A hound skeleton (D:4)
  Robin (D:3)
  2 howler monkey zombies (D:4)
  12 gnolls
  4 adders
  6 adder zombies (D:4)
  An adder skeleton (D:4)
  3 worms
  A dart slug (D:3)
  2 orcs
  5 ball pythons
  3 bats
  7 endoplasms
  5 giant cockroaches
  17 goblins
  12 hobgoblins
  8 kobolds
  5 quokkas
  4 frilled lizards
  4 rats
125 creatures vanquished.

Notes
Turn   | Place    | Note
-------+----------+-------------------------------------------
     0 | D:1      | qw the Gargoyle Hunter began the quest for the Orb.
     0 | D:1      | Reached XP level 1. HP: 12/12 MP: 1/1
     0 | D:1      | 0 ||| qw: Version: 0.3-a-80-g2c16395
     0 | D:1      | 0 ||| qw: Game counter: 1311
     0 | D:1      | 0 ||| qw: Melee chars always use a shield: true
     0 | D:1      | 0 ||| qw: God list: Okawaru
     0 | D:1      | 0 ||| qw: Allow faded altars: false
     0 | D:1      | 0 ||| qw: Do Orc after clearing Dungeon:15 true
     0 | D:1      | 0 ||| qw: Do second Lair branch before Depths: true
     0 | D:1      | 0 ||| qw: Lair rune preference: random
     0 | D:1      | 0 ||| qw: Goals: Normal
     0 | D:1      | 0 ||| PLANNING D:1-11
    87 | D:1      | Reached XP level 2. HP: 17/17 MP: 2/2
   691 | D:1      | 691 ||| UPGRADING to +0 ring mail.
   701 | D:1      | 701 ||| DROPPING +0 leather armour.
   702 | D:1      | 702 ||| UPGRADING to ring of willpower.
   703 | D:1      | 703 ||| READING scroll labelled OBRIOM YJIATSU.
   704 | D:1      | 704 ||| READING scroll labelled SOT BAOLI.
   705 | D:1      | 705 ||| DRINKING 2 murky silvery potions.
   706 | D:1      | 706 ||| DRINKING 2 puce potions.
   707 | D:1      | 707 ||| DROPPING scroll of butterflies.
   708 | D:1      | 708 ||| DROPPING potion of degeneration.
   739 | D:2      | Reached XP level 3. HP: 21/21 MP: 3/3
   905 | D:2      | Reached skill level 1 in Armour
  1108 | D:2      | Reached skill level 5 in Ranged Weapons
  1391 | D:2      | 1391 ||| READING scroll labelled MOUMUYN KEITS.
  1392 | D:2      | 1392 ||| READING scroll labelled HUNWAIM ZONAN.
  1397 | D:2      | 1397 ||| READING scroll labelled MYWYOJ FIOVUT.
  1398 | D:2      | 1398 ||| READING scroll labelled IKLOSE PUNIECH.
  1399 | D:2      | 1399 ||| READING scroll labelled UVUREDW DANKE.
  1415 | D:2      | 1415 ||| DRINKING 2 coppery potions.
  1565 | D:3      | Noticed Sigmund
  1578 | D:3      | Killed Sigmund
  1579 | D:3      | Reached XP level 4. HP: 27/31 MP: 4/4
  1579 | D:3      | Reached XP level 5. HP: 31/35 MP: 5/5
  1619 | D:3      | Noticed a phantom
  1629 | D:3      | Killed a phantom
  1630 | D:3      | Reached XP level 6. HP: 38/40 MP: 6/6
  2084 | D:3      | Noticed Robin
  2104 | D:3      | HP: 5/40 [goblin/+0 club[Robin] (6)]
  2105 | D:3      | 2105 ||| DRINKING 3 potions of heal wounds.
  2106 | D:3      | Killed Robin
  2109 | D:3      | HP: 7/40 [goblin/+0 club[Robin] (4)]
  2110 | D:3      | 2110 ||| DRINKING 2 potions of heal wounds.
  2412 | D:3      | 2412 ||| UPGRADING to +2 leather armour of willpower.
  2422 | D:3      | 2422 ||| UPGRADING to +1 helmet.
  2427 | D:3      | 2427 ||| DROPPING +0 ring mail.
  2428 | D:3      | 2428 ||| READING scroll labelled CAGOTS SYIRERUT.
  2429 | D:3      | 2429 ||| DRINKING 2 ruby potions.
  2479 | D:4      | Reached skill level 6 in Ranged Weapons
  2702 | D:4      | Reached XP level 7. HP: 44/44 MP: 7/7
  2826 | D:4      | Reached skill level 7 in Ranged Weapons
  3046 | D:4      | Found a staircase to the Ecumenical Temple.
  3047 | D:4      | 3047 ||| PLANNING TEMPLE
  3047 | D:4      | 3047 ||| UPGRADING to +0 pair of gloves.
  3052 | D:4      | 3052 ||| DROPPING +6 ring of intelligence.
  3053 | D:4      | 3053 ||| READING 2 scrolls labelled DOIPUQUWKAGG.
  3054 | D:4      | 3054 ||| DROPPING scroll of revelation.
  3061 | Temple   | Entered the Ecumenical Temple
  3062 | Temple   | 3062 ||| PLANNING D:1-11
  3296 | D:4      | Reached skill level 8 in Ranged Weapons
  3404 | D:4      | 3404 ||| READING scroll labelled MIDUIBR ANUOCO.
  3423 | D:5      | Entered Level 5 of the Dungeon
  3483 | D:5      | Reached XP level 8. HP: 42/50 MP: 8/8
  3524 | D:5      | 3524 ||| Stepping ~*~*~tactically~*~*~ (retreating).
  3526 | D:5      | 3526 ||| Stepping ~*~*~tactically~*~*~ (retreating).
  3527 | D:5      | 3527 ||| Stepping ~*~*~tactically~*~*~ (retreating).
  3530 | D:5      | 3530 ||| Stepping ~*~*~tactically~*~*~ (retreating).
  3533 | D:5      | 3533 ||| Stepping ~*~*~tactically~*~*~ (retreating).
  3545 | D:5      | 3545 ||| FLEEEEING.
  3546 | D:5      | 3546 ||| FLEEEEING.
  3547 | D:5      | 3547 ||| FLEEEEING.
  3548 | D:5      | 3548 ||| FLEEEEING.
  3549 | D:5      | 3549 ||| FLEEEEING.
  3550 | D:5      | 3550 ||| FLEEEEING.
  3551 | D:5      | 3551 ||| FLEEEEING.
  3552 | D:5      | 3552 ||| FLEEEEING.
  3553 | D:5      | 3553 ||| FLEEEEING.
  3554 | D:5      | 3554 ||| FLEEEEING.
  3555 | D:5      | 3555 ||| FLEEEEING.
  3556 | D:5      | 3556 ||| FLEEEEING.
  3557 | D:5      | 3557 ||| FLEEEEING.
  3558 | D:5      | 3558 ||| FLEEEEING.
  3559 | D:5      | 3559 ||| FLEEEEING.
  3560 | D:5      | 3560 ||| FLEEEEING.
  3561 | D:5      | 3561 ||| FLEEEEING.
  3562 | D:5      | 3562 ||| FLEEEEING.
  3563 | D:5      | 3563 ||| FLEEEEING.
  3564 | D:5      | 3564 ||| FLEEEEING.
  3565 | D:5      | 3565 ||| FLEEEEING.
  3566 | D:5      | 3566 ||| FLEEEEING.
  3567 | D:5      | 3567 ||| STAIRDANCE
  3615 | D:4      | 3615 ||| UPGRADING to +0 cloak.
  3703 | D:5      | Found a shimmering altar of Xom.
  3831 | D:5      | Found a faded altar of an unknown god.
  3831 | D:5      | Found a faded altar of an unknown god.
  3832 | D:5      | Found a hazy altar of Hepliaklqana.
  3867 | D:5      | Reached skill level 9 in Ranged Weapons
  4283 | D:6      | Found Qacraum's Mass Market.
  4292 | D:6      | Noticed a two-headed ogre
  4302 | D:6      | Slain by a two-headed ogre

Levels and vault maps discovered:
D:1:      orjb1_lava_funnel, layout_basic, amcnicky_mini_corridor_feature
D:2:      layout_loops_cross, columned_hall_lemuel, grunt_decor_mini_mirrors,
          minmay_tromino_v2
D:3:      layout_loops_corners, chequers_arboretum, uniq_sigmund, uniq_robin
D:4:      layout_loops_ring, temple_green, serial_undead, serial_undead_e,
          serial_undead_a, serial_undead_f, serial_undead_e, serial_undead_a,
          serial_undead_d, hangedman_decor_peaks_small
D:5:      layout_loops_cross, overflow_temple_1_default,
          nicolae_hepliaklqana_ecumenical_no_more,
          chequers_serial_rivers_small_3
D:6:      minmay_clustersquares, layout_basic, serial_shops, shop,
          minmay_shop_mass, patterned_corridor
Temple:   nicolae_temple_bog_church

Skill      XL: |  1  2  3  4  5  6  7  8 |
---------------+-------------------------+-----
Armour         | 1 2 |  2.1
Ranged Weapons | 5 6 8 9 |  9.0
Fighting       | 5 |  5.9
Dodging        | 2 |  2.0
Stealth        | |  1.1

Action                     |  1- 3 |  4- 6 |  7- 9 || total
---------------------------+-------+-------+-------++-------
   Fire: Shortbow          |   116 |   114 |   302 ||   532
    Use: Scroll            |     7 |     1 |     2 ||    10
         Potion            |     3 |     3 |       ||     6
 Armour: Leather armour    |     2 |     7 |   107 ||   116
         Ring mail         |    19 |    79 |       ||    98
  Dodge: Dodged            |    19 |    84 |   113 ||   216

Table legend:
 A = Non-vault XP
 B = Vault XP
 C = Vault XP percentage of total XP
 D = Non-vault monster count
 E = Vault monster count
 F = Vault count percentage of total count
                 A         B        C        D         E       F
            +---------+---------+-------+---------+---------+-------
      Total |    1018 |     700 |  40.7 |      91 |      34 |  27.2
            +---------+---------+-------+---------+---------+-------
        D:1 |      33 |       0 |   0.0 |      20 |       0 |   0.0
        D:2 |      24 |       1 |   4.0 |      11 |       1 |   8.3
        D:3 |     155 |     260 |  62.7 |      21 |      13 |  38.2
        D:4 |     236 |     439 |  65.0 |      17 |      20 |  54.1
        D:5 |     570 |       0 |   0.0 |      22 |       0 |   0.0
            +---------+---------+-------+---------+---------+-------
